 Dungeon Crawl Stone Soup version 0.29.1-4-g47bece8355 (webtiles) character file.

Game seed: 11561827637159939469

69 Descartes the Magician (level 4, -2/24 HPs)
             Began as a Deep Elf Wanderer on Dec 4, 2022.
             Slain by an orc
             ... wielding a +0 club
              (3 damage)
             ... on level 3 of the Dungeon.
             The game lasted 00:03:17 (2370 turns).

Descartes the Magician (Deep Elf Wanderer)          Turns: 2370, Time: 00:03:18

Health: -2/24      AC:  2    Str: 13    XL:     4   Next: 2%
Magic:  0/9        EV: 12    Int: 16    God:
Gold:   84         SH:  0    Dex: 13    Spells: 7/8 levels left

rFire   . . .      SeeInvis .   a - +2 spear
rCold   . . .      Faith    .   (no shield)
rNeg    . . .      Spirit   +   d - +0 robe
rPois   +          Reflect  .   (no helmet)
rElec   .          Harm     .   (no cloak)
rCorr   .          Rampage  .   (no gloves)
Will    +....                   (no boots)
Stlth   ++........              e - amulet of guardian spirit
HPRegen 0.08/turn               h - ring of poison resistance
MPRegen 0.11/turn               k - ring of willpower

@: no status effects
A: no striking features
a: no special abilities


You were on level 3 of the Dungeon.
You visited 1 branch of the dungeon, and saw 3 of its levels.

You collected 84 gold pieces.

Inventory:

Hand Weapons
 a - a +2 spear (weapon)
Missiles
 g - 4 silver boomerangs
 x - 3 poisoned darts
Armour
 d - a +0 robe (worn)
Jewellery
 e - an amulet of guardian spirit (around neck)
 h - a ring of poison resistance (left hand)
 k - a ring of willpower (right hand)
 r - an amulet of the acrobat
Wands
 b - a wand of flame (7)
Scrolls
 n - a scroll of noise {unknown}
 o - 2 scrolls of identify {unknown}
 p - a scroll of blinking {unknown}
 q - 3 scrolls of teleportation {unknown}
 t - a scroll of torment {unknown}
 v - a scroll of acquirement {unknown}
 w - a scroll of enchant armour {unknown}
 y - a scroll of amnesia {unknown}
 z - a scroll of enchant weapon {unknown}
Potions
 c - a potion of berserk rage
 f - a potion of mutation {unknown}
 i - a potion of might {unknown}
 j - a potion of resistance {unknown}
 l - 3 potions of haste {unknown}
 m - a potion of curing {unknown}
 s - a potion of lignification {unknown}
 u - a potion of ambrosia {unknown}
 A - a potion of brilliance {unknown}


   Skills:
 - Level 2.1 Polearms
 - Level 2.4 Armour
 + Level 1.3 Dodging
 + Level 2.2 Stealth
 + Level 2.6 Spellcasting
 + Level 1.3 Conjurations
 + Level 1.9 Translocations
 + Level 2.1 Evocations


You had 7 spell levels left.
You knew the following spells:

 Your Spells              Type           Power      Damage    Failure   Level
a - Apportation           Tloc           16%        N/A       9%          1

Your spell library contained the following spells:

 Spells                   Type           Power      Damage    Failure   Level
 Blink                    Tloc           16%        N/A       13%         2
 Summon Small Mammal      Summ           8%         N/A       21%         1
 Lesser Beckoning         Tloc           8%         N/A       26%         3
 Call Canine Familiar     Summ           2%         N/A       52%         3
 Summon Guardian Golem    Hex/Summ       2%         N/A       52%         3
 Manifold Assault         Tloc           8%         N/A       94%         5


Dungeon Overview and Level Annotations

Branches:
Dungeon (3/15)

Altars:
Uskayaw

Shops:
D:1 (   D:2 (


Message History

An orc comes into view. It is wielding a +0 club.
An orc comes into view. It is wielding a +0 dagger.
The orc shouts! x3; You hear a shout! x2
You hit the rat.
The rat is severely wounded.
The rat bites you.
The orc throws a boomerang.
The boomerang misses you.
You hit the rat.
You kill the rat!
The orc throws a boomerang.
The boomerang hits you.
An orc comes into view. It is wielding a +0 club.
You hit the orc.
The orc is severely wounded.
A kobold comes into view. It is wielding a +0 short sword.
The orc hits you but does no damage.
The orc throws a boomerang.
The boomerang hits you.
You hit the orc.
You kill the orc!
You reach to attack!
You closely miss the orc. You hit the orc.
The orc is lightly wounded.
The orc hits you with a +0 dagger.
You hit the orc but do no damage.
The orc is lightly wounded.
The orc hits you with a +0 dagger. The orc hits you with a +0 falchion.
You closely miss the orc.
The orc is lightly wounded.
The orc closely misses you. The orc hits you but does no damage.
You hit the orc.
You kill the orc!
The orc hits you with a +0 falchion.
You have reached level 4!
You feel clever. The orc attacks as you move away!
The orc hits you with a +0 club. The orc attacks as you move away!
The orc hits you with a +0 club.
* * * LOW HITPOINT WARNING * * *
The orc attacks as you move away! The orc hits you with a +0 club.
* * * LOW HITPOINT WARNING * * *
The orc throws a boomerang.
The boomerang closely misses you. The orc attacks as you move away!
The orc hits you with a +0 club.
You die...

##.'....'...'......
###########..#....#####......
..##.....#.##....# #......
#.##.......####### #......
##..+.....#### ######.
##...#..).....# #.
####......รท......# ##.
...........##..).### #..
>...............@o.### #..
....#....#.#######..o#### #..
...##....#... ###K...# #..
...##....#.### #...))......
#.. ...##....+.# #...........
#.. ...##....### #...........
#.. ...# ..... #...........
#.. ...# #........... #..
..## #........... #..


You could see 2 orcs and a kobold.

Vanquished Creatures
  An adder (D:2)
  A worm (D:2)
  A dart slug (D:1)
  2 orcs (D:3)
  4 endoplasms
  5 goblins
  4 hobgoblins
  2 jackals (D:2)
  6 quokkas
  6 ball pythons
  8 bats
  3 frilled lizards
  2 kobolds (D:2)
  4 rats
49 creatures vanquished.

Notes
Turn   | Place    | Note
-------+----------+-------------------------------------------
     0 | D:1      | Descartes the Deep Elf Wanderer began the quest for the
                  | Orb.
     0 | D:1      | Descartes set off with the following items: a +2 spear, a
                  | wand of flame (7), a potion of berserk rage, a +0 robe; and
                  | the following spell memorised: Apportation; and the
                  | following spells available to memorise: Lesser Beckoning.
     0 | D:1      | Reached XP level 1. HP: 10/10 MP: 5/5
   355 | D:1      | Found Moifaune's Weapon Shoppe.
   363 | D:1      | Reached XP level 2. HP: 14/15 MP: 6/6
   660 | D:2      | Reached skill level 1 in Dodging
   660 | D:2      | Reached XP level 3. HP: 14/19 MP: 8/8
   757 | D:2      | Found a hide-covered altar of Uskayaw.
   785 | D:2      | Reached skill level 1 in Conjurations
  1496 | D:2      | Found Lakuc's Weapon Shop.
  2366 | D:3      | Reached XP level 4. HP: 11/24 MP: 3/9
  2368 | D:3      | HP: 1/24 [orc/+0 club (4)]
  2370 | D:3      | Slain by an orc

Illustrated notes

Levels and vault maps discovered:
D:1:      dpeg_chamrin_arrival_tetris, layout_basic, serial_shops,
          nicolae_shop_bloodbath_and_beyond, serial_park_tiny_pond
D:2:      layout_basic, serial_shops, nicolae_diamond_shop, basic_altar
D:3:      minmay_diamond_boxcup, layout_basic, nicolae_overflow_hidden_temple,
          hellmonk_ecumenical_altar_crossroads

Skill      XL: |  1  2  3 |
---------------+----------+-----
Spellcasting   | 2 |  2.6
Dodging        | 1 |  1.3
Conjurations   | 1 |  1.3
Stealth        | 2 |  2.2
Evocations     | 2 |  2.1
Polearms       | |  2.1
Armour         | |  2.4
Translocations | |  1.9

Action                   |  1- 3 |  4- 6 || total
-------------------------+-------+-------++-------
Melee: Spear             |   147 |       ||   147
       Punch             |     1 |       ||     1
 Stab: Sleeping          |    10 |       ||    10
Armor: Robe              |    19 |       ||    19
Dodge: Dodged            |    53 |     1 ||    54
